 Dungeon Crawl Stone Soup version 0.19.1 (webtiles) character file.

598 ChaseSP the Basher (level 7, 0/52 HPs)
             Began as a Formicid Fighter on Nov 23, 2016.
             Killed from afar by Edmund (5 damage)
             ... with a wand of flame
             ... on level 4 of the Dungeon on Nov 24, 2016.
             The game lasted 00:07:59 (3679 turns).

ChaseSP the Basher (Formicid Fighter)               Turns: 3679, Time: 00:08:00

Health: 0/52       AC:  9    Str: 22    XL:     7   Next: 68%
Magic:  7/7        EV: 10    Int:  7    God:
Gold:   130        SH: 10    Dex: 16    Spells: 0 memorised, 6 levels left

rFire  . . .     SeeInvis +     a - +0 flail
rCold  . . .     Gourm    .     x - +0 chain mail
rNeg   . . .     Faith    +     c - +0 shield
rPois  .         Spirit   .     (helmet unavailable)
rElec  .         Reflect  .     (no cloak)
rCorr  .         Harm     .     (no gloves)
MR     .....                    (no boots)
Stlth  ..........               k - amulet of faith
                                (no ring)
                                (no ring)

@: agile, drained
A: permanent stasis, dig shafts and tunnels, four strong arms, antennae 3
a: Dig, Shaft Self


You were on level 4 of the Dungeon.
You were not hungry.

You visited 1 branch of the dungeon, and saw 4 of its levels.

You collected 130 gold pieces.

Inventory:

Hand Weapons
 a - a +0 flail (weapon)
Armour
 b - a +0 scale mail
 c - a +0 shield (worn)
 x - a +0 chain mail (worn)
Jewellery
 k - an amulet of faith (around neck)
 m - an uncursed ring of wizardry {unknown}
 v - an uncursed ring of poison resistance {unknown}
Wands
 y - a wand of digging (11/24)
Scrolls
 g - 4 scrolls of remove curse {unknown}
 l - a scroll of blinking {unknown}
 n - 2 scrolls of teleportation {unknown}
 o - a scroll of recharging {unknown}
 p - a scroll of identify {unknown}
 u - a scroll of random uselessness {unknown}
 B - a scroll of enchant armour {unknown}
 C - a scroll of amnesia {unknown}
Potions
 d - a potion of mutation {unknown}
 e - a potion of invisibility {unknown}
 j - 2 potions of degeneration {unknown}
 q - a potion of heal wounds {unknown}
 r - a potion of curing {unknown}
 s - a potion of cure mutation {unknown}
 A - a potion of brilliance {unknown}
Comestibles
 f - 2 bread rations
 h - a fruit
 i - 3 meat rations
 t - a slice of pizza


   Skills:
 - Level 3.2(2.8) Fighting
 + Level 8.0(7.5) Maces & Flails
 - Level 3.2(2.8) Armour
 - Level 3.6(3.1) Shields


You had 6 spell levels left.
You didn't know any spells.

Dungeon Overview and Level Annotations

Branches:
Dungeon (4/15)
 Temple: D:4-7

Altars:
Trog

Annotations:
D:4 Edmund


Innate Abilities, Weirdness & Mutations

You are under a permanent stasis effect.
You can dig through walls and to a lower floor.
Your four strong arms can wield two-handed weapons with a shield.
You have a pair of large antennae on your head. (SInv)


Message History

Edmund is moderately wounded.
You block Edmund's attack.
All of the chunks of flesh in your inventory have rotted away.
You hit Edmund but do no damage.
Edmund is moderately wounded.
You block Edmund's attack.
You barely miss Edmund.
Edmund is moderately wounded.
Edmund zaps a wand.
The puff of flame hits you!
* * * LOW HITPOINT WARNING * * *
You sock Edmund!
Edmund is heavily wounded.
You block Edmund's attack.
You hit Edmund.
Edmund is heavily wounded.
Edmund barely misses you.
Your chain mail prevents you from hitting Edmund.
Edmund is heavily wounded.
Edmund zaps a wand.
The puff of flame hits you!
You die...

## #. #.
#. #. #
#.##.#.##
#.@@S...#
##.#.##.#
#.# # #.#
#.# #.#
#.. ###


You could see Edmund and a ball python.

Vanquished Creatures
  Sigmund (D:3)
  An ogre (D:4)
  2 howler monkeys
  Natasha (thrice) (D:2)
  A bullfrog skeleton (D:3)
  Robin (D:3)
  5 adders
  2 worms
  2 dart slugs (D:1)
  8 leopard geckos
  6 orcs (D:3)
  5 bats
  21 goblins
  7 hobgoblins
  8 jackals (D:3)
  3 quokkas
  A ball python (D:3)
  5 frilled lizards
  7 kobolds
  6 rats
95 creatures vanquished.

Notes
Turn   | Place    | Note
-------+----------+-------------------------------------------
     0 | D:1      | ChaseSP the Formicid Fighter began the quest for the Orb.
     0 | D:1      | Reached XP level 1. HP: 18/18 MP: 1/1
    55 | D:1      | Reached XP level 2. HP: 12/24 MP: 2/2
   296 | D:1      | Reached skill level 3 in Maces & Flails
   367 | D:1      | Reached XP level 3. HP: 29/29 MP: 3/3
   868 | D:2      | Noticed Natasha
   953 | D:2      | Killed Natasha
   953 | D:2      | Reached skill level 4 in Maces & Flails
   953 | D:2      | Reached XP level 4. HP: 30/35 MP: 4/4
   957 | D:2      | Noticed Natasha
   967 | D:2      | Killed Natasha
   985 | D:2      | Reached XP level 5. HP: 18/41 MP: 5/5
  1468 | D:2      | Noticed Natasha
  1470 | D:2      | Killed Natasha
  1470 | D:2      | Reached skill level 5 in Maces & Flails
  2227 | D:3      | Reached XP level 6. HP: 37/47 MP: 6/6
  2247 | D:3      | Noticed Sigmund
  2266 | D:3      | Killed Sigmund
  2266 | D:3      | Reached skill level 6 in Maces & Flails
  2466 | D:3      | Found a faded altar of an unknown god.
  2469 | D:3      | Reached XP level 7. HP: 44/52 MP: 7/7
  2497 | D:3      | Reached skill level 7 in Maces & Flails
  2550 | D:3      | Found a bloodstained altar of Trog.
  2814 | D:3      | Upgraded the game from 0.19.0-24-gb05acd6 to 0.19.1
  2907 | D:3      | Noticed Robin
  2931 | D:3      | Killed Robin
  3278 | D:3      | Found a bloodstained altar of Trog.
  3517 | D:4      | Noticed Edmund
  3521 | D:4      | Reached skill level 8 in Maces & Flails
  3679 | D:4      | Killed from afar by Edmund

Skill      XL: |  1  2  3  4  5  6  7 |
---------------+----------------------+-----
Maces & Flails | 3 4 5 6 8 |  8.0
Fighting       | |  3.2
Armour         | |  3.2
Shields        | |  3.6

Action                   |  1- 3 |  4- 6 |  7- 9 || total
-------------------------+-------+-------+-------++-------
Melee: Flail             |   103 |   141 |   184 ||   428
 Abil: Dig               |     2 |       |     1 ||     3
  Use: Potion            |       |     1 |     1 ||     2
  Eat: Chunk             |     1 |     5 |     4 ||    10
Armor: Scale mail        |    42 |    42 |    25 ||   109
       Chain mail        |       |       |    57 ||    57
Dodge: Dodged            |    31 |    48 |    57 ||   136
Block: Shield            |    49 |    74 |    92 ||   215
